 Dungeon Crawl Stone Soup version 0.31-a0-165-g3f4f80340b (webtiles) character file.

Game seed: 14705807874441695816

448 qw the Chopper (level 7, -3/43 HPs)
             Began as a Gargoyle Fighter on June 13, 2023.
             Was an Initiate of Okawaru.
             Slain by a river rat (5 damage)
             ... summoned by Eustachio
             ... on level 4 of the Dungeon.
             The game lasted 00:01:44 (3032 turns).

qw the Chopper (Gargoyle Fighter)                   Turns: 3032, Time: 00:01:44

Health: -3/43      AC: 13    Str: 21    XL:     7   Next: 3%
Magic:  7/7        EV:  7    Int:  9    God:    Okawaru [......]
Gold:   262        SH:  9    Dex:  9    Spells: 6/6 levels left

rFire   . . .        Y - +0 war axe
rCold   . . .        c - +0 buckler
rNeg    + . .        o - +0 chain mail
rPois   inf          (no helmet)
rElec   +            j - scarf {repulsion}
rCorr   .            (no gloves)
SInv    .            (no boots)
Will    .....        e - amulet of reflection Stlth
                     (no ring)
HPRegen 0.27/turn    (no ring)
MPRegen 0.10/turn

%: repel missiles, reflection
@: no status effects
A: sickness immunity, AC +4, negative energy resistance 1, electricity
resistance, torment resistance 1, petrification resistance
a: Renounce Religion


You were on level 4 of the Dungeon.
You worshipped Okawaru.
Okawaru was noncommittal.
You visited 2 branches of the dungeon, and saw 5 of its levels.

You collected 262 gold pieces.


Innate Abilities, Weirdness & Mutations

You are immune to sickness and miasma.
Your stone body is resilient. (AC +4)
You are immune to poison.
You resist negative energy. (rN+)
You are resistant to electric shocks. (rElec)
You are resistant to unholy torment.
You are immune to petrification.


   Skills:
 - Level 4.3 Fighting
 - Level 6.2 Axes
 - Level 3.2 Armour
 + Level 0.0 Dodging
 - Level 3.2 Shields


You had 6 spell levels left.
You didn't know any spells.
Your spell library was empty.

Inventory:

Hand Weapons
 h - a +0 mace
 Y - a +0 war axe (weapon)
Armour
 c - a +0 buckler (worn)
 j - a scarf of repulsion (worn)
 o - a +0 chain mail (worn)
Jewellery
 e - an amulet of reflection (around neck)
 i - a ring of fire
Scrolls
 b - a scroll of identify
Potions
 a - a potion of resistance
 d - 2 potions of might
 g - a potion of curing {unknown}
 m - a potion of lignification {unknown}

Dungeon Overview and Level Annotations

Branches:
Dungeon (4/15)             Temple (1/1) D:4

Altars:
Ashenzari
Cheibriados
Elyvilon
Fedhas
Kikubaaqudgha
Makhleb
Okawaru
Sif Muna
Trog
Uskayaw
Vehumet
Wu Jian
Xom
Zin
The Shining One

Annotations:
D:4 1 runed translucent door, Crazy Yiuf, Dowan, Duvessa, Eustachio


Message History

The crimson imp disappears in a puff of smoke!
Duvessa barely misses you. Eustachio hits you with a +0 falchion.
You hit Duvessa but do no damage.
Duvessa is severely wounded.
You closely miss Eustachio. Duvessa hits you but does no damage.
You block Eustachio's attack.
Dowan mumbles some strange words.
Dowan blinks!
You barely miss Duvessa.
Duvessa is severely wounded.
You hit Eustachio. Duvessa barely misses you. You block Eustachio's attack.
Duvessa hits you with a +0 short sword.
Eustachio casts a spell.
You hit Duvessa.
Duvessa is almost dead.
You miss Eustachio. You miss the bat. You block the bat's attack.
The bat completely misses you. Duvessa hits you but does no damage.
Eustachio hits you but does no damage.
You barely miss Duvessa.
Duvessa is almost dead.
You barely miss Eustachio. You closely miss the river rat.
The bat hits you but does no damage. You block Duvessa's attack.
Eustachio hits you but does no damage.
Dowan gestures wildly while chanting.
Dowan blinks!
The river rat bites you.
You hit Duvessa but do no damage.
Duvessa is almost dead.
You hit the river rat. You slash Eustachio! The bat barely misses you.
Duvessa hits you but does no damage. Eustachio hits you with a +0 falchion!
The river rat bites you.
Eustachio asks, "How can you live without manners, virtues and honour?"
Eustachio hits you with a +0 falchion. Duvessa barely misses you.
You barely miss Duvessa.
Duvessa is almost dead.
You hit Eustachio. You hit the river rat but do no damage.
The bat hits you but does no damage. x2; The river rat closely misses you.
Eustachio hits you but does no damage. Duvessa hits you but does no damage.
The river rat bites you.
You die...

........######+##
..#.....# #### ..#.....#
...###. .##.....# .......
###....## .......
.##....# .>.....
.......#######+# .......
.......##......##e.)..ยค.
........#......b@@r.....
.####'###.......#r......
.##....##......##e...##.
###....##......# ....#
..#....####'#####.....#
..#....#........+.....#
..'....'........#.....+
..#....#........#.....#
..###############


You could see Eustachio, Duvessa, Dowan, a river rat (summoned), a bat
(summoned) and a rat (summoned).

Vanquished Creatures
  2 ogres (D:4)
  3 hounds (D:4)
  A jelly (D:4)
  An iguana (D:4)
  6 adders
  An ufetubus (D:4)
  A worm (D:4)
  3 dart slugs
  An orc (D:3)
  7 ball pythons
  10 endoplasms
  2 giant cockroaches
  7 goblins
  8 hobgoblins
  6 kobolds
  2 quokkas
  7 bats
  3 frilled lizards
  2 rats
73 creatures vanquished.

Notes
Turn   | Place    | Note
-------+----------+-------------------------------------------
     0 | D:1      | qw the Gargoyle Fighter began the quest for the Orb.
     0 | D:1      | Reached XP level 1. HP: 14/14 MP: 1/1
     0 | D:1      | 0 ||| qw: Version: 0.2-a-29-gc1b59c4
     0 | D:1      | 0 ||| qw: Game counter: 4804
     0 | D:1      | 0 ||| qw: Always use a shield: true
     0 | D:1      | 0 ||| qw: God list: Okawaru
     0 | D:1      | 0 ||| qw: Allow faded altars: false
     0 | D:1      | 0 ||| qw: Do Orc after D:15 true
     0 | D:1      | 0 ||| qw: Do second Lair branch before Depths: true
     0 | D:1      | 0 ||| qw: Lair rune preference: random
     0 | D:1      | 0 ||| qw: Plans: Normal, Zot:1-4, Slime:5, God:TSO, Crypt,
                  | Tomb, Abyss, Pan, Hells, Win
     0 | D:1      | 0 ||| PLANNING D:1-11
    21 | D:1      | 21 ||| Stepping ~*~*~tactically~*~*~ (stealth).
    32 | D:1      | Reached skill level 2 in Axes
    53 | D:1      | 53 ||| DROPPING +0 club.
   111 | D:1      | Reached XP level 2. HP: 18/19 MP: 2/2
   155 | D:1      | 155 ||| DROPPING +0 whip.
   435 | D:1      | 435 ||| UPGRADING to scarf of repulsion.
   440 | D:1      | 440 ||| READING scroll labelled YJITOA RUSOIZU.
   441 | D:1      | 441 ||| READING 2 scrolls labelled DAWNUI SAVVIT.
   442 | D:1      | 442 ||| READING scroll labelled EJOUCSEUDA.
   443 | D:1      | 443 ||| DROPPING scroll of revelation.
   593 | D:2      | Reached skill level 3 in Axes
   650 | D:2      | Reached XP level 3. HP: 22/23 MP: 3/3
  1098 | D:2      | 1098 ||| FLEEEEING.
  1099 | D:2      | 1099 ||| FLEEEEING.
  1145 | D:2      | 1145 ||| Stepping ~*~*~tactically~*~*~ (stealth).
  1200 | D:2      | 1200 ||| Stepping ~*~*~tactically~*~*~ (hiding).
  1205 | D:2      | Reached XP level 4. HP: 28/28 MP: 4/4
  1479 | D:2      | 1479 ||| Stepping ~*~*~tactically~*~*~ (stealth).
  1480 | D:2      | 1480 ||| Stepping ~*~*~tactically~*~*~ (stealth).
  1540 | D:2      | 1540 ||| UPGRADING to +0 swamp dragon scales.
  1550 | D:2      | 1550 ||| DROPPING +0 scale mail.
  1551 | D:2      | 1551 ||| UPGRADING to amulet of reflection.
  1612 | D:3      | Reached skill level 4 in Axes
  1853 | D:3      | Found an ornate altar of the Wu Jian Council.
  1960 | D:3      | 1960 ||| Stepping ~*~*~tactically~*~*~ (hiding).
  1961 | D:3      | 1961 ||| Stepping ~*~*~tactically~*~*~ (hiding).
  2179 | D:3      | 2179 ||| UPGRADING to +0 chain mail.
  2189 | D:3      | 2189 ||| DROPPING +0 swamp dragon scales.
  2190 | D:3      | 2190 ||| READING scroll labelled DERYLI FUACS.
  2191 | D:3      | 2191 ||| READING scroll labelled LYDIGOREHI.
  2192 | D:3      | 2192 ||| READING scroll labelled LAIVEU ABORY.
  2213 | D:3      | 2213 ||| READING scroll labelled SOEFON GUJITZ.
  2241 | D:4      | Noticed an ogre
  2253 | D:4      | Killed an ogre
  2254 | D:4      | Reached skill level 5 in Axes
  2254 | D:4      | Reached XP level 5. HP: 32/32 MP: 5/5
  2357 | D:4      | Found a runed translucent door.
  2358 | D:4      | Noticed Crazy Yiuf
  2402 | D:4      | 2402 ||| Stepping ~*~*~tactically~*~*~ (stealth).
  2418 | D:4      | Reached XP level 6. HP: 28/38 MP: 6/6
  2461 | D:4      | Found a staircase to the Ecumenical Temple.
  2462 | D:4      | 2462 ||| PLANNING TEMPLE
  2462 | D:4      | 2462 ||| DRINKING 2 dark potions.
  2463 | D:4      | 2463 ||| DRINKING 2 fizzy inky potions.
  2486 | Temple   | Entered the Ecumenical Temple
  2515 | Temple   | 2515 ||| PLANNING OKAWARU WORSHIP
  2612 | Temple   | Became a worshipper of Warmaster Okawaru
  2612 | Temple   | 2612 ||| PLANNING D:1-11
  2665 | D:4      | 2665 ||| Stepping ~*~*~tactically~*~*~ (hiding).
  2667 | D:4      | 2667 ||| Stepping ~*~*~tactically~*~*~ (hiding).
  2668 | D:4      | 2668 ||| Stepping ~*~*~tactically~*~*~ (hiding).
  2896 | D:4      | 2896 ||| Stepping ~*~*~tactically~*~*~ (stealth).
  3011 | D:4      | Noticed Dowan
  3011 | D:4      | Noticed Eustachio
  3012 | D:4      | Noticed Duvessa
  3020 | D:4      | HP: 8/38 [Duvessa/+0 short sword (6)]
  3021 | D:4      | 3021 ||| DRINKING potion of heal wounds.
  3023 | D:4      | Reached skill level 6 in Axes
  3023 | D:4      | Reached XP level 7. HP: 43/43 MP: 7/7
  3031 | D:4      | HP: 7/43 [Eustachio/+0 falchion (8)]
  3031 | D:4      | HP: 2/43 [Eustachio/+0 falchion (4)]
  3032 | D:4      | Slain by a river rat

Levels and vault maps discovered:
D:1:      amcnicky_arrival_flooded_fountain, layout_rooms, minmay_misc_feat_chi
D:2:      layout_loops_corners
D:3:      layout_rooms, mainiacjoe_overflow_alcove_2, serial_rivers,
          chequers_serial_rivers_small_b, chequers_serial_rivers_room_a,
          chequers_serial_rivers_small_a, chequers_serial_rivers_micro_e,
          chequers_serial_rivers_micro_b, minmay_misc_feat_tower
D:4:      layout_gridville, kennysheep_mini, minmay_temple_entry_ruins,
          uniq_duvessa, uniq_eustachio, uniq_crazy_yiuf_cottage
Temple:   nicolae_temple_two_arcs

Skill      XL: |  1  2  3  4  5  6 |
---------------+-------------------+-----
Axes           | 2 3 5 6 |  6.2
Fighting       | 4 |  4.3
Armour         | |  3.2
Shields        | |  3.2

Action                     |  1- 3 |  4- 6 |  7- 9 || total
---------------------------+-------+-------+-------++-------
  Melee: War axe           |   114 |   137 |    10 ||   261
    Use: Scroll            |     3 |     4 |       ||     7
         Potion            |       |     3 |       ||     3
 Armour: Scale mail        |    65 |     2 |       ||    67
         Swamp dragon scal |       |    26 |       ||    26
         Chain mail        |       |    34 |    12 ||    46
  Dodge: Dodged            |    56 |    51 |     8 ||   115
  Block: Buckler           |    16 |    67 |     7 ||    90
         Reflection        |       |     1 |       ||     1

Table legend:
 A = Non-vault XP
 B = Vault XP
 C = Vault XP percentage of total XP
 D = Non-vault monster count
 E = Vault monster count
 F = Vault count percentage of total count
                 A         B        C        D         E       F
            +---------+---------+-------+---------+---------+-------
      Total |     640 |       0 |   0.0 |      73 |       0 |   0.0
            +---------+---------+-------+---------+---------+-------
        D:1 |      25 |       0 |   0.0 |      15 |       0 |   0.0
        D:2 |      73 |       0 |   0.0 |      22 |       0 |   0.0
        D:3 |      58 |       0 |   0.0 |      19 |       0 |   0.0
        D:4 |     484 |       0 |   0.0 |      17 |       0 |   0.0
            +---------+---------+-------+---------+---------+-------
